Map: Korhal Carnage Knockout LE

Players

Drakonnan

  • Race: Protoss Protoss
  • League: Bronze
  • Spawn Location: 3:00

Fropez - Winner!

  • Race: Protoss Protoss
  • League: Silver
  • Spawn Location: 6:00

VOD

Have the link to the VOD?

Description

Time

  • Played on: April 7, 2016, 7:20 p.m.
  • Length: 8:04
Show
View Real Time Build Order
Export as new Build Order

Drakonnan Protoss 

Build Orders:  

Get SALT Encoding   

  12  0:01  Probe (Chrono Boost)  
  13  0:11  Probe (Chrono Boost)  
  14  0:20  Pylon  
  14  0:22  Probe (Chrono Boost)  
  15  0:38  Probe (Chrono Boost)  
  15  0:39  Gateway  
  16  0:48  Probe (Chrono Boost)  
  16  0:49  Assimilator  
  17  0:59  Probe (Chrono Boost)  
  18  1:06  Gateway  
  18  1:09  Probe (Chrono Boost)  
  19  1:15  Assimilator  
  19  1:20  Probe (Chrono Boost)  
  20  1:30  Probe (Chrono Boost)  
  21  1:41  Probe (Chrono Boost)  
  22  1:52  Probe (Chrono Boost)  
  23  2:01  Nexus  
  22  2:15  Cybernetics Core  
  22  2:20  Probe (Chrono Boost)  
  22  2:22  Pylon  
  23  2:35  Forge  
  23  2:40  Probe (Chrono Boost)  
  24  2:51  Probe (Chrono Boost)  
  25  2:53  Warp Gate (Chrono Boost)  
  25  2:56  Adept x2  
  29  3:02  Mothership Core (Chrono Boost)  
  31  3:09  Protoss Ground Weapons Level 1  
  31  3:18  Twilight Council  
  31  3:20  Probe x2 (Chrono Boost)  
  33  3:33  Probe  
  33  3:34  Probe  
  35  3:43  Probe  
  35  3:46  Probe  
  37  3:50  Robotics Facility  
  37  3:57  Sentry  
  37  3:59  Resonating Glaives  
  39  4:04  Probe  
  39  4:05  Probe  
  37  4:17  Probe  
  37  4:21  Stalker  
  37  4:38  Probe  
  37  4:39  Probe  
  39  4:45  Warp Prism  
  39  4:49  Probe  
  39  4:52  Probe  
  43  4:59  Probe  
  43  5:00  Gateway  
  43  5:04  Probe  
  43  5:06  Pylon  
  45  5:10  Probe  
  46  5:14  Protoss Ground Armor Level 1  
  46  5:24  Probe  
  46  5:25  Probe  
  48  5:32  Stalker  
  48  5:33  Stalker  
  52  5:50  Pylon  
  52  5:51  Assimilator  
  52  5:53  Pylon  
  52  6:08  Immortal (Chrono Boost)  
  56  6:12  Nexus  
  56  6:14  Gateway  
  56  6:19  Templar Archives  
  56  6:22  Stalker x2  
  56  6:24  Zealot  
  62  6:36  Gateway  
  62  6:37  Gateway  
  62  6:46  Assimilator  
  62  6:49  Immortal (Chrono Boost)  
  66  7:22  Stalker x2  
  70  7:24  Zealot  
  58  7:48  Stalker x3  
Show
View Real Time Build Order
Export as new Build Order

Fropez Protoss - Winner!

Build Orders: Oracle Opening 

Get SALT Encoding   

  12  0:17  Pylon  
  12  0:18  Probe (Chrono Boost)  
  13  0:28  Probe (Chrono Boost)  
  14  0:36  Gateway  
  14  0:41  Probe (Chrono Boost)  
  15  0:52  Probe (Chrono Boost)  
  16  0:59  Assimilator  
  16  1:02  Probe (Chrono Boost)  
  16  1:03  Pylon  
  17  1:13  Probe (Chrono Boost)  
  18  1:23  Probe (Chrono Boost)  
  19  1:34  Probe (Chrono Boost)  
  20  1:42  Cybernetics Core  
  20  1:44  Probe (Chrono Boost)  
  21  1:48  Assimilator  
  21  1:53  Pylon  
  21  1:55  Probe (Chrono Boost)  
  22  2:04  Gateway  
  22  2:05  Probe (Chrono Boost)  
  23  2:16  Probe (Chrono Boost)  
  24  2:23  Stargate  
  24  2:26  Probe (Chrono Boost)  
  24  2:27  Warp Gate (Chrono Boost)  
  25  2:37  Probe (Chrono Boost)  
  25  2:40  Zealot  
  28  2:54  Zealot  
  30  3:07  Zealot  
  30  3:10  Pylon, Oracle  
  35  3:18  Probe (Chrono Boost)  
  36  3:21  Zealot  
  36  3:24  Pylon  
  38  3:28  Probe (Chrono Boost)  
  39  3:34  Zealot  
  41  3:46  Gateway  
  41  3:52  Probe (Chrono Boost)  
  42  3:57  Zealot  
  44  4:03  Probe  
  45  4:20  Protoss Air Weapons Level 1 (Chrono Boost)  
  42  4:33  Probe  
  42  4:34  Fleet Beacon  
  43  4:45  Probe  
  44  5:00  Probe  
  45  5:09  Stalker x2  
  45  5:12  Nexus  
  45  5:13  Probe  
  50  5:16  Pylon  
  50  5:20  Pylon  
  50  5:27  Pylon  
  50  5:31  Probe  
  50  5:34  Carrier (Chrono Boost)  
  57  5:43  Probe  
  58  5:55  Probe  
  58  5:56  Gateway  
  59  6:01  Forge  
  59  6:08  Mothership Core  
  59  6:09  Pylon  
  61  6:20  Pylon  
  61  6:26  Pylon  
  61  6:29  Probe  
  62  6:41  Probe  
  63  6:48  Probe  
  63  6:53  Probe  
  65  6:55  Assimilator  
  65  7:00  Assimilator  
  65  7:05  Probe  
  65  7:08  Probe, Stalker x3  
  73  7:25  Probe x2  
  75  7:38  Probe  
  74  7:47  Probe  
  73  7:51  Stalker x2  
Tags
 
Add a new tag
Caveats
  • Supply blocks, unpowered buildings, or Contaminate may cause inaccurate times.
  • Supply counts are checked every 10 seconds.